 Dungeon Crawl Stone Soup version 0.31-a0-889-g1a8549509d (webtiles) character file.

Game seed: 14347777219300534714

44 Kuronicle the Ruffian (level 3, -24/40 HPs)
             Began as a Demonspawn Shapeshifter on Oct 16, 2023.
             Killed by an exploding hobgoblin (26 damage)
             ... ignited by their inner flame
             ... on level 2 of the Dungeon.
             The game lasted 00:04:22 (1117 turns).

Kuronicle the Ruffian (Demonspawn Shapeshifter)     Turns: 1117, Time: 00:04:22

Health: -24/40     AC: 21    Str: 15 (16) XL:     3   Next: 39%
Magic:  3/3        EV:  2    Int:  8 (9)  God:
Gold:   48         SH:  0    Dex: 12      Spells: 2/2 levels left

rFire   . . .        g - +0 mace
rCold   . . .        (no shield)
rNeg    . . .        a - melded +0 animal skin
rPois   +            (helmet currently unavailable)
rElec   .            (cloak currently unavailable)
rCorr   .            (gloves currently unavailable)
SInv    .            (boots currently unavailable)
Will    .....        (no amulet)
Stlth   +            (no ring)
HPRegen 0.26/turn    (no ring)
MPRegen 0.08/turn

%: no passive effects
@: brilliant, tree-form
A: stationary, stasis, torment immunity, boosted hp, powered by pain 1, (large
bone plates 2), deterioration 1, dopey 1
a: no special abilities


You were on level 2 of the Dungeon.
You were a tree.
You visited 1 branch of the dungeon, and saw 2 of its levels.

You collected 48 gold pieces.

Inventory:

Hand Weapons
 g - a +0 mace (weapon)
Armour
 a - a +0 animal skin (melded)
Talismans
 c - a beast talisman
 d - a flux talisman
Scrolls
 i - a scroll of immolation


   Skills:
 * Level 1.8 Fighting
 * Level 0.4 Short Blades
 * Level 1.1 Armour
 * Level 2.1 Dodging
 + Level 0.1 Stealth
 - Level 2.8 Unarmed Combat
 + Level 2.8 Shapeshifting


You had 2 spell levels left.
You didn't know any spells.
Your spell library contained the following spells:

 Spells                   Type           Power      Damage    Failure   Level
 Summon Ice Beast         Ice/Summ       0%         N/A       99%         4
 Summon Mana Viper        Hex/Summ       0%         N/A       100%        5
 Monstrous Menagerie      Summ           0%         N/A       100%        7


Dungeon Overview and Level Annotations

Branches:
Dungeon (2/15)

Altars:
Nemelex Xobeh

Shops:
D:1 ((=*


Innate Abilities, Weirdness & Mutations

You are a tree.
Your roots penetrate the ground, keeping you stationary.
You cannot be teleported.
You are immune to unholy pain and torment.
Your maximum health is greatly increased.
Your equipment is partially melded.
You sometimes gain a little power by taking damage.
((You are mostly covered in large bone plates. (SH +6)))
Your body sometimes deteriorates upon taking damage.
You are dopey. (Int -2)


Message History

The hobgoblin no longer looks unusually strong.
The goblin hits you with a +0 club.
* * * LOW HITPOINT WARNING * * *
The hobgoblin hits you.
* * * LOW HITPOINT WARNING * * *
The goblin misses you. The goblin closely misses you.
You block the goblin's attack. The hobgoblin hits you.
* * * LOW HITPOINT WARNING * * *
Your body deteriorates!
You feel dopey.
Your transformation has ended.
You turn into a tree.
Your +0 animal skin melds into your body.
Your roots penetrate the ground.
The goblin hits you but does no damage. The hobgoblin hits you.
* * * LOW HITPOINT WARNING * * *
The goblin hits you but does no damage.
Unknown command.
As you read the scroll of immolation, it crumbles to dust.
The creatures around you are filled with an inner flame!
The hobgoblin no longer looks unusually strong.
The goblin hits you but does no damage.
The hobgoblin hits you but does no damage.
The goblin hits you but does no damage.
It was a potion of brilliance.
You feel clever all of a sudden. The goblin hits you but does no damage.
The hobgoblin hits you but does no damage.
The goblin hits you but does no damage.
There are monsters nearby!
There are monsters nearby!
There are monsters nearby!
There are monsters nearby!
There are monsters nearby!
Annotate which branch? (. - D:2, ? - help, ! - show branch list)
Okay, then.
You hit the hobgoblin.
The hobgoblin explodes!
The fiery explosion engulfs you!!
Ouch! That really hurt!
You die...

.....#.# ..#
.....#.# ##..#
.....#.# ###...#
.....#.# ##.....#
..##.#.####......#
..'..#.##........#
..####.##.#.._...#
..'..........)§g.#
..####.####...§)♣#
### #.# ######g#
#.# #g# #.# #g#
#.# #S# #.#


gg# #.. ... ### You could see 2 hobgoblins, 4 goblins and a ball python (inner
flame).

Vanquished Creatures
  Robin (D:2)
  2 ball pythons (D:1)
  A bat (D:1)
  2 endoplasms (D:1)
  9 goblins
  5 hobgoblins
  A quokka (D:2)
  2 frilled lizards (D:1)
  3 kobolds (D:1)
  4 rats (D:1)
30 creatures vanquished.

Notes
Turn   | Place    | Note
-------+----------+-------------------------------------------
     0 | D:1      | Kuronicle the Demonspawn Shapeshifter began the quest for
                  | the Orb.
     0 | D:1      | Reached XP level 1. HP: 15/15 MP: 1/1
    96 | D:1      | Gained mutation: You sometimes gain a little power by
                  | taking damage. [demonic ancestry]
    96 | D:1      | Reached XP level 2. HP: 21/21 MP: 2/2
   376 | D:1      | Found Hesmigee's Antique Weapon Boutique.
   386 | D:1      | Found Ybum's Jewellery Emporium.
   461 | D:1      | Found Maux's General Store.
   502 | D:1      | Found Riav's Weapon Boutique.
   874 | D:1      | Gained mutation: You are dopey. (Int -2) [potion of
                  | mutation]
   874 | D:1      | Gained mutation: Your body sometimes deteriorates upon
                  | taking damage. [potion of mutation]
   874 | D:1      | Gained mutation: You are partially covered in large bone
                  | plates. (SH +4) [potion of mutation]
   874 | D:1      | Gained mutation: You are mostly covered in large bone
                  | plates. (SH +6) [potion of mutation]
   956 | D:2      | Reached skill level 1 in Armour
  1087 | D:2      | Found a sparkling altar of Nemelex Xobeh.
  1096 | D:2      | Identified the +1 helmet of the Meager God {Harm rPois rF-}
  1096 | D:2      | Noticed Robin
  1098 | D:2      | Reached XP level 3. HP: 27/27 MP: 3/3
  1102 | D:2      | Killed Robin
  1114 | D:2      | HP: 2/40 [hobgoblin[Robin] (3)]
  1117 | D:2      | Killed by an exploding hobgoblin... ignited by their inner
                  | flame

Illustrated notes

Levels and vault maps discovered:
D:1:      dpeg_arrival_orchard, layout_basic, serial_shops,
          nicolae_shop_bloodbath_and_beyond, shop, nicolae_shop_stone, shop
D:2:      layout_basic, basic_altar, palyth_stone_intersect, uniq_robin

Skill      XL: |  1  2 |
---------------+-------+-----
Dodging        | 2 |  2.1
Armour         | 1 |  1.1
Fighting       | |  1.8
Short Blades   | |  0.4
Stealth        | |  0.1
Unarmed Combat | |  2.8
Shapeshifting  | |  2.8

Action                     || total
---------------------------++-------
  Melee: Rapier            ||    58
         Mace              ||    18
         Punch             ||     2
    Use: Scroll            ||     6
         Potion            ||     3
   Stab: Sleeping          ||     1
 Armour: Animal skin       ||    44
         Skin              ||    10
  Dodge: Dodged            ||    51
  Block: Other             ||    18

Table legend: (Time is in decaauts)
 A = Elapsed time spent in this place.
 B = Non-inter-level travel time spent in this place.
 C = Inter-level travel time spent in this place.
 D = Time resting spent in this place.
 E = Time spent auto-exploring this place.
 F = Levels seen in this place.
 G = Mean time per level.
                   A        B        C        D        E       F      G
               +--------+--------+--------+--------+--------+-----+--------+
         Total |   1134 |   1074 |     60 |     39 |    803 |   2 |  567.0 |
       Dungeon |   1134 |   1074 |     60 |     39 |    803 |   2 |  567.0 |
               +--------+--------+--------+--------+--------+-----+--------+

Top non-repeatable levels by time:
     D:1: 944 daAuts
     D:2: 190 daAuts
